MLB
ARIZONA DIAMONDBACKS @ PHILADELPHIA PHILLIES
10/16/2023
 
TOP OF THE 1ST
Arizona Diamondbacks batting - Pitching for Philadelphia Phillies : RHP R.J. Hansen
Pitching: RHP R.J. Hansen
Batting: RHB Ju-il Pak 0-0: Called Strike
0-1: Ball
1-1: Ball
2-1: Ball
3-1: Called Strike
3-2: Foul Ball, location: 9LMF
3-2: Fly out, F7 (Flyball, 7D, EV 90.6 MPH)
Batting: RHB Yasiel Puig 0-0: Called Strike
0-1: Foul Ball, location: 2F
0-2: Ball
1-2: Foul Ball, location: 2F
1-2: Ground out U3 (Groundball, 34S, EV 82.5 MPH)
Batting: RHB Jeff Taylor 0-0: Swinging Strike
0-1: Called Strike
0-2: Ball
1-2: Ball
2-2: Ball
3-2: Strikes out swinging
Top of the 1st over - 0 runs, 0 hits, 0 errors, 0 left on base; Arizona 0 - Philadelphia 0
BOTTOM OF THE 1ST
Philadelphia Phillies batting - Pitching for Arizona Diamondbacks : RHP Pancho Escobar
Pitching: RHP Pancho Escobar
Batting: SHB Francisco Lindor 0-0: Swinging Strike
0-1: Called Strike
0-2: Ball
1-2: Fly out, F5 (Line Drive, 56, EV 71.3 MPH)
Batting: LHB Ernesto Almirón 0-0: Ball
1-0: Called Strike
1-1: Ground out 4-3 (Groundball, 4, EV 82.5 MPH)
Batting: RHB Maikel Franco 0-0: Ball
1-0: Ball
2-0: Ball
3-0: Base on Balls
Batting: LHB Anthony Rizzo 0-0: Ball
1-0: DOUBLE (Line Drive, 8RXD, EV 106.9 MPH)
Maikel Franco to third
Batting: LHB Ivan Hakanson 0-0: Ball
1-0: Fly out, F8 (Flyball, 8LD, EV 86.3 MPH)
Bottom of the 1st over - 0 runs, 1 hit, 0 errors, 2 left on base; Arizona 0 - Philadelphia 0
TOP OF THE 2ND
Arizona Diamondbacks batting - Pitching for Philadelphia Phillies : RHP R.J. Hansen
Batting: LHB José Silva 0-0: Ball
1-0: Foul Ball, location: 7LMF
1-1: Ball
2-1: Called Strike
2-2: Strikes out looking
Batting: SHB Greg Henderson 0-0: Fly out, F8 (Flyball, 8RD, EV 83.8 MPH)
Batting: RHB Robinson Pérez 0-0: Called Strike
0-1: Swinging Strike
0-2: Foul Ball, location: 9LDF
0-2: Ball
1-2: Ball
2-2: Fly out, F7 (Flyball, 7D, EV 111.3 MPH)
Top of the 2nd over - 0 runs, 0 hits, 0 errors, 0 left on base; Arizona 0 - Philadelphia 0
BOTTOM OF THE 2ND
Philadelphia Phillies batting - Pitching for Arizona Diamondbacks : RHP Pancho Escobar
Batting: LHB Lou Brown 0-0: Ball
1-0: Called Strike
1-1: Ball
2-1: Fly out, F7 (Flyball, 78M, EV 83.8 MPH)
Batting: LHB Jake Turnbull 0-0: Called Strike
0-1: Foul Ball, location: 2F
0-2: SOLO HOME RUN (Flyball, 8LXD, EV 108.1 MPH), Distance : 414 ft
Batting: RHB Leo Marrero 0-0: Ball
1-0: Foul Ball, location: 9LDF
1-1: Foul Ball, location: 2F
1-2: Fly out, F9 (Flyball, 89M, EV 86.3 MPH)
Batting: LHB J.P. Crawford 0-0: Ball
1-0: Ball
2-0: Foul Ball, location: 2F
2-1: Foul Ball, location: 2LF
2-2: Ground out 4-3 (Groundball, 4, EV 86.9 MPH)
Bottom of the 2nd over - 1 run, 1 hit, 0 errors, 0 left on base; Arizona 0 - Philadelphia 1
TOP OF THE 3RD
Arizona Diamondbacks batting - Pitching for Philadelphia Phillies : RHP R.J. Hansen
Batting: RHB Derek Briggs 0-0: Ball
1-0: Ground out 5-3 (Groundball, 56, EV 68.8 MPH)
Batting: RHB Albert Almora 0-0: Ball
1-0: Ball
2-0: SINGLE (Groundball, 6MD, EV 103.8 MPH)
Batting: SHB Lucius Fox Jr. 0-0: Fly out, F9 (Flyball, 9, EV 89.4 MPH)
Batting: RHB Ju-il Pak 0-0: Called Strike
0-1: Ball
Albert Almora steals 2nd base
1-1: Ball
2-1: Ball
3-1: Base on Balls
Batting: RHB Yasiel Puig 0-0: Ball
1-0: Called Strike
1-1: Foul Ball, location: 5F
1-2: Ball
2-2: SINGLE (Line Drive, 78S, EV 110.6 MPH)
Albert Almora to third
Ju-il Pak to second
Runner from 3rd tries for Home, SAFE, throw by LF to home
Batting: RHB Jeff Taylor 0-0: Ball
1-0: Called Strike
1-1: Ball
2-1: Swinging Strike
2-2: Strikes out looking
Top of the 3rd over - 1 run, 2 hits, 0 errors, 2 left on base; Arizona 1 - Philadelphia 1
BOTTOM OF THE 3RD
Philadelphia Phillies batting - Pitching for Arizona Diamondbacks : RHP Pancho Escobar
Batting: SHB Francisco Lindor 0-0: Ball
1-0: Ball
2-0: Fly out, F9 (Line Drive, 89M, EV 91.9 MPH)
Batting: LHB Ernesto Almirón 0-0: Swinging Strike
0-1: Ball
1-1: Foul Ball, location: 7LSF
1-2: Ball
2-2: Foul Ball, location: 3F
2-2: Strikes out swinging
Batting: RHB Maikel Franco 0-0: Foul Ball, location: 9LMF
0-1: Ball
1-1: Fly out, F7 (Flyball, 78M, EV 84.4 MPH)
Bottom of the 3rd over - 0 runs, 0 hits, 0 errors, 0 left on base; Arizona 1 - Philadelphia 1
TOP OF THE 4TH
Arizona Diamondbacks batting - Pitching for Philadelphia Phillies : RHP R.J. Hansen
Batting: LHB José Silva 0-0: Called Strike
0-1: Foul Ball, location: 2F
0-2: Ball
1-2: Ball
2-2: Fly out, F7 (Flyball, 78M, EV 82.5 MPH)
Batting: SHB Greg Henderson 0-0: Foul Ball, location: 2F
0-1: Foul Ball, location: 2F
0-2: Ball
1-2: Strikes out swinging
Batting: RHB Robinson Pérez 0-0: Foul Ball, location: 2F
0-1: Ball
1-1: Ground out 6-3 (Groundball, 6, EV 103.1 MPH)
Top of the 4th over - 0 runs, 0 hits, 0 errors, 0 left on base; Arizona 1 - Philadelphia 1
BOTTOM OF THE 4TH
Philadelphia Phillies batting - Pitching for Arizona Diamondbacks : RHP Pancho Escobar
Batting: LHB Anthony Rizzo 0-0: Called Strike
0-1: Ball
1-1: SINGLE (Groundball, 4, EV 80.6 MPH)
Batting: LHB Ivan Hakanson 0-0: Ball
1-0: Fly out, F9 (Flyball, 9, EV 88.8 MPH)
Batting: LHB Lou Brown 0-0: Ball
1-0: Fly out, F8 (Flyball, 8LM, EV 86.3 MPH)
Batting: LHB Jake Turnbull 0-0: SINGLE (Groundball, 34D, EV 101.3 MPH)
Anthony Rizzo to second
Runner from 2nd tries for 3rd, SAFE, no throw by RF
Batting: RHB Leo Marrero 0-0: Ball
1-0: Foul Ball, location: 5FF
1-1: Foul Ball, location: 9LDF
1-2: Strikes out swinging
Bottom of the 4th over - 0 runs, 2 hits, 0 errors, 2 left on base; Arizona 1 - Philadelphia 1
TOP OF THE 5TH
Arizona Diamondbacks batting - Pitching for Philadelphia Phillies : RHP R.J. Hansen
Batting: RHB Derek Briggs 0-0: SINGLE (Groundball, 4MD, EV 95.6 MPH)
Batting: RHB Albert Almora 0-0: Ball
1-0: Foul Ball, location: 2F
1-1: Ball
2-1: Swinging Strike
2-2: Strikes out looking
Batting: SHB Lucius Fox Jr. 0-0: Swinging Strike
0-1: Ball
1-1: Swinging Strike
1-2: Foul Ball, location: 3FF
1-2: Ball
2-2: Fly out, F9 (Flyball, 9S, EV 94.4 MPH)
Batting: RHB Ju-il Pak 0-0: Called Strike
0-1: Ball
1-1: Ball
2-1: Foul Ball, location: 23FF
2-2: Fielders Choice at 2nd, 6-4 (Groundball, 6, EV 83.1 MPH)
Top of the 5th over - 0 runs, 1 hit, 0 errors, 1 left on base; Arizona 1 - Philadelphia 1
BOTTOM OF THE 5TH
Philadelphia Phillies batting - Pitching for Arizona Diamondbacks : RHP Pancho Escobar
Batting: LHB J.P. Crawford 0-0: Called Strike
0-1: Swinging Strike
0-2: Ball
1-2: SOLO HOME RUN (Flyball, 9LD, EV 95.6 MPH), Distance : 364 ft
Batting: SHB Francisco Lindor 0-0: Ball
1-0: Called Strike
1-1: Ball
2-1: Called Strike
2-2: Strikes out swinging
Batting: LHB Ernesto Almirón 0-0: Ball
1-0: Ball
2-0: Foul Ball, location: 2F
2-1: Ball
3-1: Ground out 6-3 (Groundball, P, EV 89.4 MPH)
Batting: RHB Maikel Franco 0-0: Ball
1-0: Reached on error, E4 (Groundball, 4, EV 108.8 MPH)
Batting: LHB Anthony Rizzo 0-0: Called Strike
0-1: Ball
1-1: Ball
2-1: SINGLE (Groundball, 34S, EV 65.6 MPH) (infield hit)
Maikel Franco to second
Batting: LHB Ivan Hakanson 0-0: Ball
1-0: Ball
2-0: Ball
3-0: Base on Balls
Maikel Franco to third
Anthony Rizzo to second
Batting: LHB Lou Brown 0-0: Fly out, F7 (Flyball, 7LD, EV 96.3 MPH)
Bottom of the 5th over - 1 run, 2 hits, 1 error, 3 left on base; Arizona 1 - Philadelphia 2
TOP OF THE 6TH
Arizona Diamondbacks batting - Pitching for Philadelphia Phillies : RHP R.J. Hansen
Batting: RHB Yasiel Puig 0-0: Ball
1-0: Called Strike
1-1: Fly out, F4 (Popup, 4, EV 72.5 MPH)
Batting: RHB Jeff Taylor 0-0: Ball
1-0: Swinging Strike
1-1: Fly out, F7 (Flyball, 78D, EV 90.0 MPH)
Batting: LHB José Silva 0-0: Foul Ball, location: 9LSF
0-1: Ball
1-1: Foul Ball, location: 23F
1-2: Ball
2-2: Ball
3-2: Foul Ball, location: 5F
3-2: SOLO HOME RUN (Flyball, 89XD, EV 105.0 MPH), Distance : 401 ft
Batting: SHB Greg Henderson 0-0: Called Strike
0-1: Called Strike
0-2: Foul Ball, location: 5F
0-2: Ball
1-2: Foul Ball, location: 7LSF
1-2: Ball
2-2: Foul Ball, location: 7LMF
2-2: Ball
3-2: Foul Ball, location: 7LMFF
3-2: Foul Ball, location: 3F
3-2: Strikes out swinging
Top of the 6th over - 1 run, 1 hit, 0 errors, 0 left on base; Arizona 2 - Philadelphia 2
BOTTOM OF THE 6TH
Philadelphia Phillies batting - Pitching for Arizona Diamondbacks : RHP Pancho Escobar
Pitching: RHP Bobby Young
Batting: LHB Jake Turnbull 0-0: Foul Ball, location: 2F
0-1: Foul Ball, location: 3F
0-2: Ball
1-2: Ball
2-2: Ground out 6-3 (Groundball, 6MS, EV 87.5 MPH)
Batting: RHB Leo Marrero 0-0: Swinging Strike
0-1: Ball
1-1: Fly out, F7 (Flyball, 78M, EV 90.0 MPH)
Batting: LHB J.P. Crawford 0-0: Swinging Strike
0-1: Foul Ball, location: 2F
0-2: Strikes out swinging
Bottom of the 6th over - 0 runs, 0 hits, 0 errors, 0 left on base; Arizona 2 - Philadelphia 2
TOP OF THE 7TH
Arizona Diamondbacks batting - Pitching for Philadelphia Phillies : RHP R.J. Hansen
Pitching: RHP Mike Morin
Batting: RHB Robinson Pérez 0-0: Called Strike
0-1: Fly out, F7 (Flyball, 7, EV 96.9 MPH)
Pinch Hitting: SHB Julius Winters 0-0: Ball
1-0: Ball
2-0: Called Strike
2-1: Ball
3-1: Swinging Strike
3-2: Strikes out swinging
Batting: RHB Albert Almora 0-0: Ball
1-0: Fly out, F7 (Line Drive, 7, EV 100.6 MPH)
Top of the 7th over - 0 runs, 0 hits, 0 errors, 0 left on base; Arizona 2 - Philadelphia 2
BOTTOM OF THE 7TH
Philadelphia Phillies batting - Pitching for Arizona Diamondbacks : RHP Bobby Young
Now at 3B: Ken Lawson
Batting: SHB Francisco Lindor 0-0: Ball
1-0: Ball
2-0: Foul Ball, location: 3F
2-1: Ball
3-1: Base on Balls
Pitching: LHP Abel Jones
Batting: RHB Michael Garnier 0-0: Called Strike
0-1: Ball
1-1: Swinging Strike
1-2: Foul Ball, location: 9LMF
1-2: Fly out, F8 (Flyball, 89M, EV 88.1 MPH)
Batting: RHB Maikel Franco 0-0: Called Strike
0-1: Called Strike
0-2: Strikes out swinging
Batting: LHB Anthony Rizzo 0-0: Ball
1-0: Called Strike
1-1: Ball
2-1: Fly out, F5 (Popup, 56S, EV 70.6 MPH)
Bottom of the 7th over - 0 runs, 0 hits, 0 errors, 1 left on base; Arizona 2 - Philadelphia 2
TOP OF THE 8TH
Arizona Diamondbacks batting - Pitching for Philadelphia Phillies : RHP Mike Morin
Batting: SHB Lucius Fox Jr. 0-0: Ball
1-0: Swinging Strike
1-1: Ball
2-1: Foul Ball, location: 2F
2-2: Fly out, F8 (Line Drive, 8RD, EV 93.8 MPH)
Batting: RHB Ju-il Pak 0-0: Ball
1-0: Called Strike
1-1: Ball
2-1: Ball
3-1: Base on Balls
Batting: RHB Yasiel Puig 0-0: Foul Ball, location: 2F
0-1: Foul Ball, location: 9LDF
0-2: Foul Ball, location: 2F
0-2: Ball
1-2: Ball
2-2: Foul Ball, location: 2F
2-2: 2-RUN HOME RUN (Flyball, 7LD, EV 92.5 MPH), Distance : 336 ft
Batting: RHB Jeff Taylor 0-0: Ball
1-0: Fly out, F7 (Flyball, 7D, EV 91.3 MPH)
Batting: LHB José Silva 0-0: Ball
1-0: Ball
2-0: Ball
3-0: Called Strike
3-1: SINGLE (Line Drive, 4MD, EV 97.5 MPH)
Pitching: RHP Kevin Quackenbush
Batting: SHB Greg Henderson 0-0: Swinging Strike
0-1: Ball
1-1: Swinging Strike
1-2: Strikes out swinging
Top of the 8th over - 2 runs, 2 hits, 0 errors, 1 left on base; Arizona 4 - Philadelphia 2
BOTTOM OF THE 8TH
Philadelphia Phillies batting - Pitching for Arizona Diamondbacks : LHP Abel Jones
Batting: LHB Ivan Hakanson 0-0: Called Strike
0-1: Ball
1-1: Ball
2-1: Ball
3-1: Foul Ball, location: 9LSF
3-2: Fly out, F8 (Flyball, 8LS, EV 96.3 MPH)
Pinch Hitting: RHB Aaron Judge 0-0: Foul Ball, location: 23FF
0-1: Foul Ball, location: 2F
0-2: Fly out, F9 (Flyball, 9, EV 92.5 MPH)
Batting: LHB Jake Turnbull 0-0: Called Strike
0-1: Ball
1-1: Ball
2-1: Ground out 4-3 (Groundball, 4M, EV 85.6 MPH)
Bottom of the 8th over - 0 runs, 0 hits, 0 errors, 0 left on base; Arizona 4 - Philadelphia 2
TOP OF THE 9TH
Arizona Diamondbacks batting - Pitching for Philadelphia Phillies : RHP Kevin Quackenbush
Now in RF: Aaron Judge
Batting: RHB Robinson Pérez 0-0: Ball
1-0: Ball
2-0: Fly out, F8 (Line Drive, 8RM, EV 98.1 MPH)
Batting: LHB Ken Lawson 0-0: Swinging Strike
0-1: Called Strike
0-2: Ball
1-2: Strikes out swinging
Batting: RHB Albert Almora 0-0: Called Strike
0-1: Ball
1-1: Ball
2-1: Swinging Strike
2-2: Foul Ball, location: 2F
2-2: Foul Ball, location: 2F
2-2: Strikes out swinging
Top of the 9th over - 0 runs, 0 hits, 0 errors, 0 left on base; Arizona 4 - Philadelphia 2
BOTTOM OF THE 9TH
Philadelphia Phillies batting - Pitching for Arizona Diamondbacks : LHP Abel Jones
Pitching: LHP Paco Rodriguez
Batting: RHB Leo Marrero 0-0: Ball
1-0: Ball
2-0: Called Strike
2-1: Called Strike
2-2: Ball
3-2: Ground out 3-1 (Groundball, 34, EV 90.6 MPH)
Batting: LHB J.P. Crawford 0-0: Ball
1-0: Ground out 5-3 (Groundball, 56, EV 101.3 MPH)
Batting: SHB Francisco Lindor 0-0: Ball
1-0: Ground out 3-1 (Groundball, 34S, EV 73.8 MPH)
Bottom of the 9th over - 0 runs, 0 hits, 0 errors, 0 left on base; Arizona 4 - Philadelphia 2
Sunday, October 22nd , 2023 - OOTP Baseball 24.10 Build 82